 Dungeon Crawl Stone Soup version 0.30-a0-702-gdf48620a09 (webtiles) character file.

Game seed: 16083747924428829528

111533 KennySheep the Black Belt (level 17, -3/141 HPs)
             Began as a Meteoran Transmuter on Jan 21, 2023.
             Was the Champion of Elyvilon.
             Slain by an iron troll (9 damage)
             ... on level 1 of the Depths.
             The game lasted 02:10:15 (13694 turns).

KennySheep the Black Belt (Meteoran Transmuter)    Turns: 13694, Time: 02:10:16

Health: -3/141     AC: 13    Str: 15    XL:     17   Next: 70%
Magic:  34/34      EV: 20    Int: 27    God:    Elyvilon [******]
Gold:   637        SH:  5    Dex: 21    Spells: 6/40 levels left

rFire   . . .      SeeInvis +      - Unarmed
rCold   . . .      Faith    .    (no shield)
rNeg    . . .      Spirit   .    C - +1 leather armour "Tuopav Iqule" {Int+4 Dex+3}
rPois   .          Reflect  +    a - +2 helmet of Spring Thaw {Int+6 SInv}
rElec   .          Harm     .    p - +0 cloak {rCorr}
rCorr   +          Rampage  .    K - +1 pair of gloves
Will    +++..                    U - +2 pair of boots
Stlth   +                        s - amulet of reflection
HPRegen 0.43/turn                z - ring of willpower
MPRegen 0.24/turn                (no ring)

@: glowing, studying Earth Magic
A: sense surroundings 2, otherworldly, glowing, explore regen
a: Renounce Religion, Purification, Heal Other, Heal Self, Divine Vigour


You were on level 1 of the Depths.
You worshipped Elyvilon.
Elyvilon was exalted by your worship.
You visited 6 branches of the dungeon, and saw 27 of its levels.
You also visited: Bailey, Gauntlet and Volcano.

You collected 2053 gold pieces.
You spent 1416 gold pieces at shops.

Inventory:

Hand Weapons
 H - a +5 executioner's axe
Missiles
 j - 4 throwing nets
Armour
 a - the +2 helmet of Spring Thaw (worn) {Int+6 SInv}
   (You found it in a Gauntlet)

   Int:       It affects your intelligence (+6).
   SInv:      It lets you see invisible.
 l - the +0 pair of boots of Nisch {-Cast Fly rElec rN+}
   (You found it in a Gauntlet)

   rElec:     It insulates you from electricity.
   rN:        It protects you from negative energy.
   Fly:       It grants you flight.
   -Cast:     It prevents spellcasting.
 p - a +0 cloak of preservation (worn)
 v - a +1 helmet of see invisible
 C - the +1 leather armour "Tuopav Iqule" (worn) {Int+4 Dex+3}
   (You found it on level 6 of the Dungeon)

   Int:       It affects your intelligence (+4).
   Dex:       It affects your dexterity (+3).
 J - the +0 hat of Least Resistance {Int+3 Slay+3}
   (You acquired it in a bailey)

   Int:       It affects your intelligence (+3).
   Slay:      It affects your accuracy & damage with ranged weapons and melee
   (+3).
 K - a +1 pair of gloves (worn)
 U - a +2 pair of boots (worn)
 X - the +1 pair of gloves of the Sharing Gods {rF+}
   (You bought it in a shop on level 1 of the Snake Pit)

   rF:        It protects you from fire.
Magical Staves
 B - a staff of cold
 I - a staff of conjuration
Jewellery
 g - a ring of ice
 s - an amulet of reflection (around neck)
 z - a ring of willpower (left hand)
 M - a ring of willpower
 R - a ring of wizardry
 V - an amulet of faith
 Z - a ring of see invisible
Wands
 x - a wand of mindburst (35)
 A - a wand of iceblast (13)
 N - a wand of acid (19)
 T - a wand of paralysis (4)
 Y - a wand of polymorph (4)
Scrolls
 c - 3 scrolls of brand weapon
 d - 2 scrolls of torment
 e - a scroll of silence
 f - 9 scrolls of teleportation
 i - 4 scrolls of poison
 m - 3 scrolls of vulnerability
 r - 11 scrolls of identify
 u - 4 scrolls of enchant weapon
 w - 4 scrolls of fear
 y - 3 scrolls of fog
 F - 6 scrolls of noise
 Q - 2 scrolls of enchant armour
 S - 4 scrolls of blinking
 W - a scroll of magic mapping
Potions
 b - 6 potions of brilliance
 h - 4 potions of flight
 k - 4 potions of attraction
 n - 14 potions of degeneration
 o - 2 potions of ambrosia
 q - 7 potions of curing
 t - 5 potions of might
 D - 3 potions of mutation
 G - 7 potions of magic
 L - 3 potions of heal wounds
 O - a potion of berserk rage
 P - 6 potions of haste


   Skills:
 + Level 10.4 Fighting
 + Level 11.2 Dodging
 * Level 15.9 Unarmed Combat
 - Level 12.2 Spellcasting
 * Level 2.6 Conjurations
 - Level 5.9 Summonings
 - Level 12.9 Transmutations
 * Level 8.8 Ice Magic
 * Level 1.3 Air Magic
 - Level 13.1 Earth Magic
 - Level 10.7 Poison Magic
 - Level 13.1 Invocations


You had 6 spell levels left.
You knew the following spells:

 Your Spells              Type           Power      Damage    Failure   Level
a - Beastly Appendage     Tmut           100%       N/A       1%          1
b - Wereblood             Tmut           72%        N/A       1%          2
c - Lee's Rapid Deconstr  Erth           36%        3d18*     1%          5
d - Olgreb's Toxic Radia  Pois           65%        N/A       1%          4
e - Ice Form              Ice/Tmut       66%        N/A       1%          4
f - Frozen Ramparts       Ice            100%       1d16      1%          3
g - Summon Ice Beast      Ice/Summ       54%        N/A       1%          4
h - Freezing Cloud        Conj/Ice/Air   19%        6-21      21%         5
i - Statue Form           Tmut/Erth      48%        N/A       3%          6

Your spell library contained the following spells:

 Spells                   Type           Power      Damage    Failure   Level
 Magic Dart               Conj           100%       1d8       1%          1
 Sting                    Tmut/Pois      100%       1d8       1%          1
 Cigotuvi's Dreadful Rot  Necr/Pois/Air  76%        N/A       1%          2
 Poisonous Vapours        Pois/Air       98%        N/A       1%          2
 Ignite Poison            Fire/Tmut/Pois 56%        N/A       1%          3
 Mephitic Cloud           Conj/Pois/Air  43%        N/A       1%          3
 Spider Form              Tmut/Pois      69%        N/A       1%          3
 Petrify                  Tmut/Erth      72%        N/A       1%          4
 Kiss of Death            Conj/Necr      92%        2d12      2%          1
 Leda's Liquefaction      Hex/Erth       25%        N/A       2%          4
 Slow                     Hex            64%        N/A       4%          1
 Irradiate                Conj/Tmut      27%        3d20      4%          5
 Scorch                   Fire           32%        2d7       6%          2
 Sublimation of Blood     Necr           16%        N/A       6%          2
 Kindle Blastsparks       Fire/Tloc/Air  36%        2d13      11%         3
 Confusing Touch          Hex            16%        N/A       13%         3
 Vampiric Draining        Necr           16%        2d7       13%         3
 Flame Wave               Conj/Fire      23%        2d8       24%         4
 Summon Cactus Giant      Summ           24%        N/A       50%         6
 Spellforged Servitor     Conj/Summ      19%        N/A       99%         7


Dungeon Overview and Level Annotations

Branches:
Dungeon (15/15) Zot: 1333 Temple (0/1) D:6 Lair (5/5) D:10 Zot: 18 Shoals (0/4) Lair:3 Snake (3/4) Lair:2 Zot: 403 Slime (1/5) Lair:4 Zot: 598 Orc (2/2) D:12 Zot: 408 Elf (0/3) Orc:2 Vaults (0/5) D:13 D:14 Depths (1/4) D:15 Zot: 544 Bailey (visited) Volcano (visited) Gauntlet (visited)

Altars:
Dithmenos
Elyvilon
Fedhas
Gozag
Makhleb
Nemelex Xobeh
Okawaru
Qazlal
Sif Muna
Trog
Vehumet
Wu Jian
Xom
Jiyva

Shops:
D:4 (   D:7 !   D:15 (   Orc:2 !:?=   Snake:1 [

Portals:
Hell: Depths:1

Annotations:
D:14 Nessos
Lair:2 exclusion: oklob plant
Snake:1 1 transporter, rddays123's ghost, adept HOFi
Orc:2 3 runed translucent doors, superbruh's ghost, journeyman HOFi


Innate Abilities, Weirdness & Mutations

You passively map the area around you.
You are easily found by Zot.
You glow in the dark.
You regain HP and MP as you explore.


Message History

Things that are here:
a +0 troll leather armour; an iron troll corpse You feel a strong urge to attack something.
You feel your anger nearly subside.
You are no longer berserk.
You are exhausted.
You feel yourself slow down.
You feel yourself speed up.
You recover from your berserk rage.
Your transformation is almost over.
You revert to your normal fleshy form.
Your +1 pair of gloves unmelds from your body.
Your +2 pair of boots unmelds from your body.
The +1 leather armour "Tuopav Iqule" {Int+4 Dex+3} unmelds from your body.
You see here a +0 spear.
You see here a +0 spear.
Things that are here:
a +0 troll leather armour; a deep troll corpse
Things that are here:
a +0 troll leather armour; an iron troll corpse
Casting: Statue Form (dangerous; 3% risk of failure)
Confirm with . or Enter, or press ? or * to list all spells.
Okay, then.
There is a staircase to the Depths here.
You climb downwards.
Welcome back to the Depths!
You hear the crackle of arcane power.
There is an entrance to a wizard's laboratory on this level!
Hurry and find it before the portal closes forever!
You hear the stately crackle of a magical portal very nearby.
The iron troll bites you. You block the iron troll's attack.
The iron troll claws you! The iron troll bites you!
The iron troll claws you but does no damage.
The iron troll closely misses you.
There is a staircase back to the Dungeon, spattered with blood here.
The iron troll bites you! The iron troll claws you!
* * * LOW HITPOINT WARNING * * *
The iron troll completely misses you. The iron troll bites you!!
* * * LOW HITPOINT WARNING * * *
The iron troll claws you!
* * * LOW HITPOINT WARNING * * *
The iron troll claws you!
You die...

, + ~ +,, + ,., ,
, , ~ , ,.. , ~ ,
##+#..., , , , ,
* .....# + * , *
*
###########.....#
,
#!.....∩..'.....#
, ,, ,
#........[#.....#
,,
#.........#.....#
**
#......@..#.....#
, ,
#.....TT..#.....+
,
######.[..#...?V#
* , , * ,
#....##...... , ,
....... ...... ,*
........#, ,, , ,
, ..........#, ,
,, ,, * **
*########### , *
, * * , , ,


You could see 2 iron trolls.

Vanquished Creatures
  Kirke (D:13)
  A tengu reaver (Depths:1)
  2 nagarajas
  An orc warlord (Bailey)
  A vampire knight (Depths:1)
  A minotaur (Gauntlet)
  Snorg (Orc:1)
  An ettin (D:15)
  3 hydras
  A salamander tyrant (Snake:2)
  Erolcha (D:10)
  A rakshasa (Depths:1)
  Fannar (D:10)
  A hell beast (Gauntlet)
  Harold (D:10)
  A catoblepas (D:15)
  2 centaur warriors
  7 anacondas
  An ogre mage (Orc:1)
  Erica (Lair:1)
  5 two-headed ogres
  2 boulder beetles
  A death knight (D:15)
  3 naga warriors
  8 shock serpents
  A deep troll shaman (D:15)
  6 naga sharpshooters
  A tengu warrior (D:15)
  Amaemon (Lair:2)
  Nergalle (D:10)
  A salamander mystic (Snake:2)
  6 skeletal warriors
  2 iron trolls (D:15)
  Lodul (D:12)
  3 deep trolls (D:15)
  An anaconda skeleton (Volcano)
  2 naga ritualists
  A wizard (D:15)
  A lindwurm (Lair:5)
  5 mana vipers
  3 orc knights (Orc:2)
  4 salamanders (Snake:2)
  An oklob plant (Lair:3)
  6 cyclopes
  3 manticores
  7 ugly things
  8 elephants
  A guardian serpent (Snake:3)
  Joseph (D:10)
  4 naga magi
  A molten gargoyle (Lair:5)
  23 black mambas
  5 cane toads
  An orange demon (Lair:2)
  2 gargoyles
  12 komodo dragons
  Maggie (Lair:2)
  An efreet (D:13)
  An unseen horror (D:11)
  A kobold demonologist (D:7)
  2 tengu conjurers (D:15)
  A queen bee (shapeshifter) (D:14)
  2 polar bears
  9 trolls
  Grinder (D:4)
  A harpy skeleton (Volcano)
  16 blink frogs
  4 slime creatures (D:12)
  An alligator skeleton (Volcano)
  2 flying skulls (Volcano)
  2 wraiths
  2 centaur simulacra (D:14)
  7 wyverns
  42 yaks
  4 hogs (D:13)
  8 basilisks
  16 humans
  A warg (Orc:1)
  13 nagas
  2 acid dragons
  22 water moccasins
  4 hell hounds (Lair:5)
  3 sky beasts
  2 ice beasts
  22 orc warriors
  2 black bears
  19 ogres
  A wolf (Lair:1)
  19 centaurs
  2 phantoms
  A kobold brigand (D:8)
  10 bullfrogs
  5 gnoll sergeants
  A scorpion (D:5)
  14 killer bees (D:8)
  A spriggan skeleton (Volcano)
  2 troll skeletons (Volcano)
  6 howler monkeys
  The ghost of wormed the Sneak, a weakling KoDe (D:3)
  A jelly (D:4)
  4 hounds
  8 orc priests
  Crazy Yiuf (D:2)
  6 iguanas
  10 orc wizards
  2 naga skeletons (Volcano)
  5 adders
  22 gnolls
  A shadow imp (D:3)
  2 white imps (D:7)
  36 orcs
  4 ball pythons
  7 endoplasms
  2 giant cockroaches (D:2)
  9 goblins
  13 hobgoblins
  2 jackals (D:3)
  5 quokkas
  4 bats
  4 frilled lizards
  18 kobolds
  3 rats
610 creatures vanquished.

Vanquished Creatures (others)
  A black mamba (Snake:3)
  A gargoyle (Volcano)
  2 water moccasins
  A troll skeleton (Volcano)
  A bush (D:15)
  8 fungi
  32 plants
46 creatures vanquished.

Grand Total: 656 creatures vanquished

Notes
Turn   | Place    | Note
-------+----------+-------------------------------------------
     0 | D:1      | KennySheep the Meteoran Transmuter began the quest for the
                  | Orb.
     0 | D:1      | Reached XP level 1. HP: 16/16 MP: 5/5
   100 | D:1      | Reached XP level 2. HP: 12/23 MP: 6/6
   113 | D:1      | Learned a level 2 spell: Wereblood
   154 | D:1      | Reached skill level 1 in Ice Magic
   157 | D:1      | Reached XP level 3. HP: 20/28 MP: 8/8
   189 | D:1      | Learned a level 3 spell: Spider Form
   237 | D:1      | Reached skill level 4 in Unarmed Combat
   525 | D:2      | You fall into a shaft and drop 1 floor!
   528 | D:3      | Identified the +6 scale mail of Fepael {+Blink rPois Str-5}
   545 | D:3      | Reached XP level 4. HP: 19/35 MP: 7/9
   583 | D:3      | Noticed wormed's ghost (weakling KoDe)
   586 | D:3      | Found a runed translucent door.
   604 | D:3      | Killed wormed's ghost
   605 | D:3      | Reached skill level 1 in Poison Magic
   605 | D:3      | Reached XP level 5. HP: 34/41 MP: 1/10
   750 | D:2      | Found a runed translucent door.
   752 | D:2      | Noticed Crazy Yiuf
   762 | D:2      | Killed Crazy Yiuf
  1172 | D:4      | Found a large runed translucent door.
  1172 | D:4      | Found a large runed translucent door.
  1174 | D:4      | Noticed a sky beast
  1189 | D:4      | Killed a sky beast
  1190 | D:4      | Reached XP level 6. HP: 49/49 MP: 8/12
  1194 | D:4      | Reached skill level 5 in Unarmed Combat
  1195 | D:4      | Found a large runed translucent door.
  1195 | D:4      | Found a large runed translucent door.
  1238 | D:4      | Reached XP level 7. HP: 9/56 MP: 10/13
  1279 | D:4      | Found a white marble altar of Elyvilon.
  1287 | D:4      | Became a worshipper of Elyvilon the Healer
  1345 | D:4      | Learned a level 4 spell: Olgreb's Toxic Radiance
  1361 | D:4      | Noticed Grinder
  1366 | D:4      | Paralysed by Grinder for 4 turns
  1381 | D:4      | Killed Grinder
  1423 | D:4      | Found Urobass's Weapon Shoppe.
  1440 | D:4      | Reached XP level 8. HP: 56/62 MP: 13/15
  1562 | D:5      | Entered Level 5 of the Dungeon
  1654 | D:5      | Found a radiant altar of Vehumet.
  1674 | D:5      | Reached skill level 6 in Unarmed Combat
  1691 | D:5      | Reached * piety under Elyvilon
  1726 | D:5      | Found a sparkling altar of Nemelex Xobeh.
  1726 | D:5      | Found a shimmering blue altar of Sif Muna.
  1726 | D:5      | Found an ornate altar of the Wu Jian Council.
  1726 | D:5      | Found a shimmering altar of Xom.
  1732 | D:5      | Found a stormy altar of Qazlal.
  1732 | D:5      | Found a bloodstained altar of Trog.
  1768 | D:5      | Reached skill level 5 in Transmutations
  1938 | D:5      | Gained mutation: You passively map the area around you.
                  | [Meteoran growth]
  1938 | D:5      | Reached XP level 9. HP: 64/70 MP: 14/16
  2175 | D:5      | Reached ** piety under Elyvilon
  2265 | D:6      | Reached skill level 5 in Poison Magic
  2318 | D:6      | Found an opulent altar of Gozag.
  2365 | D:6      | Reached skill level 7 in Unarmed Combat
  2365 | D:6      | Reached skill level 5 in Spellcasting
  2365 | D:6      | Reached skill level 5 in Invocations
  2434 | D:6      | Found a staircase to the Ecumenical Temple.
  2450 | D:6      | Reached skill level 5 in Dodging
  2610 | D:6      | Identified the +1 leather armour "Tuopav Iqule" {Int+4
                  | Dex+3}
  2650 | D:7      | Found a transporter.
  2653 | D:7      | Noticed a kobold demonologist
  2684 | D:7      | Found a transporter.
  2694 | D:7      | Found Otzail's Distillery.
  2704 | D:7      | Reached XP level 10. HP: 65/80 MP: 11/19
  2708 | D:7      | Killed a kobold demonologist
  3070 | D:7      | Reached *** piety under Elyvilon
  3084 | D:7      | Bought a potion of might for 60 gold pieces
  3084 | D:7      | Bought a potion of haste for 150 gold pieces
  3245 | D:8      | Reached skill level 8 in Unarmed Combat
  3260 | D:8      | Reached skill level 5 in Fighting
  3503 | D:8      | Reached XP level 11. HP: 44/88 MP: 15/21
  3520 | D:8      | Reached skill level 9 in Unarmed Combat
  3528 | D:8      | Reached **** piety under Elyvilon
  3556 | D:8      | Noticed a manticore
  3564 | D:8      | Killed a manticore
  3569 | D:8      | Noticed a two-headed ogre
  3581 | D:8      | Killed a two-headed ogre
  3804 | D:9      | Found a flagged portal.
  3824 | Bailey   | Entered a bailey
  3829 | Bailey   | Noticed an orc warlord
  3898 | Bailey   | Found a runed translucent gate.
  3899 | Bailey   | Found a runed translucent gate.
  3902 | Bailey   | Found a runed translucent gate.
  4014 | Bailey   | Killed an orc warlord
  4068 | Bailey   | Acquired the +0 hat of Least Resistance {Int+3 Slay+3}
  4248 | D:9      | Reached ***** piety under Elyvilon
  4323 | D:10     | Entered Level 10 of the Dungeon
  4353 | D:10     | Reached skill level 10 in Unarmed Combat
  4391 | D:10     | Noticed Erolcha
  4419 | D:10     | Killed Erolcha
  4420 | D:10     | Reached XP level 12. HP: 46/97 MP: 16/23
  4449 | D:10     | Found a staircase to the Lair.
  4503 | D:10     | Reached skill level 10 in Invocations
  4566 | D:10     | Noticed Nergalle
  4578 | D:10     | Killed Nergalle
  4631 | D:10     | Noticed Joseph
  4653 | D:10     | Killed Joseph
  4670 | D:10     | Noticed Fannar
  4697 | D:10     | Killed Fannar
  4698 | D:10     | Reached skill level 10 in Poison Magic
  4726 | D:10     | Noticed a two-headed ogre
  4736 | D:10     | Killed a two-headed ogre
  4825 | Lair:1   | Entered Level 1 of the Lair of Beasts
  4877 | Lair:1   | Reached skill level 11 in Unarmed Combat
  5054 | Lair:1   | Reached XP level 13. HP: 105/105 MP: 23/26
  5058 | Lair:1   | Noticed Erica
  5070 | Lair:1   | Killed Erica
  5244 | Lair:2   | Noticed Maggie
  5244 | Lair:2   | Found a gate leading to a gauntlet.
  5257 | Lair:2   | Killed Maggie
  5265 | Gauntlet | Entered a Gauntlet
  5265 | Gauntlet | Found a transporter.
  5268 | Gauntlet | Found a transporter.
  5269 | Gauntlet | Found a transporter.
  5270 | Gauntlet | Noticed an entropy weaver
  5273 | Gauntlet | Found a transporter.
  5281 | Gauntlet | Found a transporter.
  5281 | Gauntlet | Found a transporter.
  5282 | Gauntlet | Found a transporter.
  5282 | Gauntlet | Noticed a quicksilver ooze
  5298 | Gauntlet | Found a large runed translucent door.
  5298 | Gauntlet | Found a large runed translucent door.
  5299 | Gauntlet | Found a large runed translucent door.
  5299 | Gauntlet | Found a large runed translucent door.
  5300 | Gauntlet | Found a large runed translucent door.
  5300 | Gauntlet | Found a large runed translucent door.
  5301 | Gauntlet | Found a large runed translucent door.
  5301 | Gauntlet | Found a runed translucent gate.
  5301 | Gauntlet | Found a runed translucent door.
  5302 | Gauntlet | Found a transporter.
  5302 | Gauntlet | Found a runed translucent gate.
  5303 | Gauntlet | Found a large runed translucent door.
  5303 | Gauntlet | Found a runed translucent gate.
  5303 | Gauntlet | Found a runed translucent door.
  5303 | Gauntlet | Noticed a hell beast
  5305 | Gauntlet | Found a transporter.
  5309 | Gauntlet | Found a transporter.
  5312 | Gauntlet | Noticed a great orb of eyes
  5317 | Gauntlet | Found a transporter.
  5317 | Gauntlet | Found a large runed translucent door.
  5332 | Gauntlet | Found a large runed translucent door.
  5332 | Gauntlet | Identified the +2 helmet of Spring Thaw {Int+6 SInv}
  5337 | Gauntlet | Found a large runed translucent door.
  5337 | Gauntlet | Found a large runed translucent door.
  5337 | Gauntlet | Found a large runed translucent door.
  5348 | Gauntlet | Found a large runed translucent door.
  5349 | Gauntlet | Found a large runed translucent door.
  5349 | Gauntlet | Found a large runed translucent door.
  5393 | Gauntlet | Identified the +0 pair of boots of Nisch {-Cast Fly rElec
                  | rN+}
  5411 | Gauntlet | Killed a hell beast
  5493 | Gauntlet | Noticed a minotaur
  5506 | Gauntlet | Elyvilon protects you from harm!
  5508 | Gauntlet | Elyvilon protects you from harm!
  5508 | Gauntlet | HP: 5/196 [minotaur/staff of cold (8)]
  5510 | Gauntlet | Killed a minotaur
  5768 | Gauntlet | Learned a level 4 spell: Ice Form
  5772 | Gauntlet | Learned a level 3 spell: Frozen Ramparts
  5777 | Gauntlet | Learned a level 4 spell: Summon Ice Beast
  5777 | Gauntlet | Glimpsed the power of Zot.
  5864 | Lair:2   | Noticed an eight-headed hydra
  5870 | Lair:2   | Killed an eight-headed hydra
  5871 | Lair:2   | Reached skill level 1 in Summonings
  5906 | Lair:2   | Noticed Amaemon
  5911 | Lair:2   | Found a staircase to the Snake Pit.
  5955 | Lair:2   | Killed Amaemon
  5965 | Lair:2   | Reached skill level 12 in Unarmed Combat
  6049 | Lair:2   | Reached skill level 5 in Ice Magic
  6217 | Lair:3   | You fall into a shaft and drop 1 floor!
  6299 | Lair:4   | Found a staircase to the Slime Pits.
  6299 | Lair:4   | Found a viscous altar of Jiyva.
  6414 | Lair:5   | Entered Level 5 of the Lair of Beasts
  6422 | Lair:5   | Noticed a four-headed hydra
  6438 | Lair:5   | Reached XP level 14. HP: 115/115 MP: 22/28
  6534 | Lair:5   | Identified the +2 morningstar of Kiokac {venom, *Rage rF+++
                  | rC+++ Int-4}
  6755 | Lair:5   | Reached ****** piety under Elyvilon
  6865 | Lair:5   | Identified the +2 long sword of the Doomed Warrior {vamp,
                  | rF+ rN+ Dex-3 Stlth+}
  7324 | D:10     | Noticed Harold
  7329 | D:10     | Killed Harold
  7504 | D:11     | Reached skill level 10 in Transmutations
  7807 | D:12     | Noticed Lodul
  7816 | D:12     | Reached XP level 15. HP: 106/124 MP: 18/29
  7820 | D:12     | Reached skill level 10 in Spellcasting
  7822 | D:12     | Killed Lodul
  7823 | D:12     | Reached skill level 5 in Summonings
  8175 | D:13     | Found a sparkling altar of Nemelex Xobeh.
  8286 | D:13     | Noticed Kirke
  8299 | D:13     | Reached skill level 10 in Dodging
  8308 | D:13     | Noticed a sphinx
  8311 | D:13     | Elyvilon protects you from harm!
  8611 | D:12     | Found a staircase to the Orcish Mines.
  8654 | D:12     | Reached skill level 13 in Unarmed Combat
  8732 | Orc:1    | Entered Level 1 of the Orcish Mines
  8783 | Orc:1    | Noticed Snorg
  8799 | Orc:1    | Killed Snorg
  8931 | Orc:1    | Found a burning altar of Makhleb.
  8968 | Orc:2    | Entered Level 2 of the Orcish Mines
  8972 | Orc:2    | Found a staircase to the Elven Halls.
  9312 | Orc:2    | Found Luwamul's Book Emporium.
  9312 | Orc:2    | Found Vatammi's Magic Scroll Shop.
  9314 | Orc:2    | Found Onalioga's Jewellery Boutique.
  9316 | Orc:2    | Found Nizofus's Distillery.
  9348 | Orc:2    | Bought a scroll of teleportation for 45 gold pieces
  9353 | Orc:2    | Bought a book of the Earth for 468 gold pieces
  9353 | Orc:2    | Bought a Trismegistus Codex for 364 gold pieces
  9359 | Orc:2    | Learned a level 5 spell: Freezing Cloud
  9366 | Orc:2    | Learned a level 6 spell: Statue Form
  9366 | Orc:2    | Upgraded the game from 0.30-a0-696-g2367cd04db to
                  | 0.30-a0-702-gdf48620a09
  9421 | Orc:2    | Found a dark tunnel.
  9426 | Volcano  | Entered a volcano
  9467 | Volcano  | Reached skill level 1 in Earth Magic
  9487 | Volcano  | Reached skill level 1 in Conjurations
  9607 | Volcano  | Got the Vellum of Confrontation
  9709 | Orc:2    | Found a runed translucent gate.
  9709 | Orc:2    | Found a runed translucent gate.
  9709 | Orc:2    | Found a runed translucent gate.
  9710 | Orc:2    | Found an iron altar of Okawaru.
  9710 | Orc:2    | Noticed superbruh's ghost (journeyman HOFi)
 10452 | Lair:3   | Found a staircase to the Shoals.
 10555 | Snake:1  | Entered Level 1 of the Snake Pit
 10567 | Snake:1  | Learned a level 5 spell: Lee's Rapid Deconstruction
 10599 | Snake:1  | Reached skill level 5 in Earth Magic
 10718 | Snake:1  | Noticed rddays123's ghost (adept HOFi)
 10733 | Snake:1  | Found a transporter.
 10790 | Snake:1  | Found Qyiboko's Armour Shop.
 10803 | Snake:1  | Bought the +1 pair of gloves of the Sharing Gods {rF+} for
                  | 329 gold pieces
 10907 | Snake:2  | Reached XP level 16. HP: 132/132 MP: 21/32
 11182 | Snake:2  | Reached skill level 10 in Earth Magic
 11229 | Snake:2  | Noticed a nagaraja
 11240 | Snake:2  | Killed a nagaraja
 11486 | Snake:3  | Reached skill level 14 in Unarmed Combat
 11567 | Snake:3  | Found a blossoming altar of Fedhas.
 11647 | Snake:3  | Noticed a nagaraja
 11660 | Snake:3  | Killed a nagaraja
 12037 | Slime:1  | Entered Level 1 of the Pits of Slime
 12168 | Lair:4   | Glimpsed the power of Zot.
 12216 | Lair:1   | Glimpsed the power of Zot.
 12336 | D:11     | Reached XP level 17. HP: 138/138 MP: 34/34
 12378 | D:13     | Killed Kirke
 12388 | D:13     | Identified the +0 leather armour of Indecent Exposure
                  | {Contam Will- Str+6}
 12407 | D:13     | Identified the +6 war axe of Wicked Optimality {antimagic,
                  | Str+7}
 12574 | D:14     | Noticed Nessos
 12574 | D:14     | Found a gate to the Vaults.
 12690 | D:14     | Reached skill level 15 in Unarmed Combat
 12878 | D:14     | Found a shadowy altar of Dithmenos.
 13000 | D:14     | Found a stormy altar of Qazlal.
 13031 | D:15     | Entered Level 15 of the Dungeon
 13162 | D:15     | Reached skill level 10 in Fighting
 13376 | D:15     | Found Xollo's Antique Weapon Emporium.
 13503 | D:15     | Found a staircase to the Depths.
 13509 | Depths:1 | Entered Level 1 of the Depths
 13509 | Depths:1 | Noticed a tengu reaver
 13509 | Depths:1 | Found a gateway to Hell.
 13515 | Depths:1 | Killed a tengu reaver
 13551 | Depths:1 | Elyvilon protects you from harm!
 13582 | D:15     | Reached skill level 1 in Air Magic
 13694 | Depths:1 | HP: 6/141 [iron troll (11)]
 13694 | Depths:1 | Slain by an iron troll

Illustrated notes

Levels and vault maps discovered:
D:1:      minmay_arrival_nine_rooms, layout_rooms
D:2:      layout_loops_ring, uniq_crazy_yiuf_cottage, uniq_natasha
D:3:      layout_basic, serial_glass, glass_columns_b, glass_columns_b,
          glass_columns_b, glass_columns_c, glass_columns_b, glass_columns_c,
          glass_columns_a, glass_columns_a, glass_columns_a, glass_columns_b,
          hellmonk_ghost_happy_afterlife
D:4:      layout_loops_corners, elyvilon_altar_5, serial_shops,
          nicolae_shop_advertising_works [nicolae_subvault_shop_adworks],
          minmay_hollow_rounded_squares, uniq_grinder
D:5:      layout_basic, nicolae_vehumet_altar_sigil, minmay_overflow_temple_hex
D:6:      layout_cave_pools, nicolae_gozag_seed_capital,
          minmay_temple_entry_sparse_star, grunt_ministairs_6,
          minmay_misc_feat_secret_circle, minmay_manual_mares
D:7:      gammafunk_wand_slinger, layout_loops_ring, serial_shops, shop
D:8:      minmay_distorted_concentric_squares, layout_layer_cave,
          hangedman_abyss_or_decor_stabs, nrook_loot_triangle
D:9:      layout_cross, enter_bailey_7
D:10:     layout_basic, minmay_lair_entry_grove, uniq_harold, uniq_erolcha,
          uniq_fannar, uniq_joseph, uniq_nergalle
D:11:     layout_loops_ring
D:12:     layout_basic, minmay_orc_entry_temple_small, uniq_lodul
D:13:     layout_irregular_city, nemelex_altar_shiori, uniq_kirke
D:14:     layout_roguey, david_vaults_3, grunt_dithmenos_smoke,
          nicolae_qazlal_scattered_showers
D:15:     hangedman_depths_entry_civil_slaughter, layout_loops_ring,
          dreamdust_princess_bridge, serial_shops, shop, minmay_door_square,
          uniq_louise
Lair:1:   layout_chaotic_city, st_stairs_6, chequers_serial_rivers_micro_c,
          patterned_corridor, lemuel_fruit_tree, grunt_megastairs_5, uniq_erica
Lair:2:   layout_regular_city, minmay_snake_entry_six_corridors,
          gauntlet_entry_generic, grunt_megastairs_2, infiniplex_staircase_pool,
          uniq_maggie, uniq_amaemon
Lair:3:   layout_loops_ring, elwin_shoals_entry_rocks, minmay_stone_trees_medium
Lair:4:   layout_roguey, slime_entry_1
Lair:5:   cheibrodos_lair_end_hotspot, layout_gridlike,
          chequers_serial_rivers_small_3
Snake:1:  layout_layer_cave, serial_shops, nicolae_shop_trees,
          gammafunk_ghost_berserking_beasts, st_stairs_2
Snake:2:  kennysheep_six_static_rooms, layout_basic, grunt_ministairs_7
Snake:3:  layout_cave_town, basic_altar, nicolae_snake_ghostly_warrior_ritual
Slime:1:  layout_caves, basic_altar
Orc:1:    layout_caves, bloody_makhleb, uniq_snorg
Orc:2:    st_orc_rangers, layout_diamond_mine, enter_volcano_4, basic_altar,
          gammafunk_ghost_fury_of_okawaru
Depths:1: layout_gridville, enter_ziggurat_e, mu_enter_wizlab_1, hell_entry,
          minmay_misc_feat_plants, evilmike_butchery

Skill      XL: |  1  2  3  4  5  6  7  8  9 10 11 12 13 14 15 16 17 |
---------------+----------------------------------------------------+-----
Ice Magic      | 1 5 7 8 |  8.8
Unarmed Combat | 4 5 6 7 8 10 11 12 13 14 15 | 15.9
Transmutations | 3 4 5 6 7 8 9 10 11 12 | 12.9
Spellcasting   | 3 4 5 6 7 8 9 11 12 | 12.2
Fighting       | 2 3 4 5 6 7 8 9 10 | 10.4
Dodging        | 3 4 5 6 7 8 9 10 11 | 11.2
Poison Magic   | 1 2 3 4 6 7 9 10 | 10.7
Invocations    | 2 4 5 7 9 10 12 13 | 13.1
Summonings     | 2 4 5 |  5.9
Earth Magic    | 8 12 13 | 13.1
Conjurations   | 2 |  2.6
Air Magic      | 1 |  1.3

Action                   |  1- 3 |  4- 6 |  7- 9 | 10-12 | 13-15 | 16-18 || total
-------------------------+-------+-------+-------+-------+-------+-------++-------
Melee: Unarmed           |   100 |    90 |   201 |   327 |   655 |   485 ||  1858
       Kick              |    13 |     4 |       |       |       |       ||    17
       Punch             |     3 |     1 |       |     5 |     4 |    74 ||    87
       Headbutt          |    11 |     2 |       |       |       |       ||    13
       Staff             |       |       |       |       |     7 |       ||     7
 Cast: Beastly Appendage |    11 |     8 |       |       |       |       ||    19
       Spider Form       |       |     4 |    20 |    19 |     5 |       ||    48
       Wereblood         |       |     1 |     3 |     4 |     1 |       ||     9
       Olgreb's Toxic Ra |       |       |     3 |    55 |    57 |     3 ||   118
       Ice Form          |       |       |       |       |    34 |       ||    34
       Frozen Ramparts   |       |       |       |       |     2 |       ||     2
       Summon Ice Beast  |       |       |       |       |     2 |       ||     2
       Statue Form       |       |       |       |       |     3 |    33 ||    36
       Lee's Rapid Decon |       |       |       |       |       |     5 ||     5
       Freezing Cloud    |       |       |       |       |       |     1 ||     1
Invok: Heal Other        |       |       |     4 |     8 |     6 |     5 ||    23
       Heal Self         |       |       |       |     1 |    12 |     6 ||    19
       Divine Vigour     |       |       |       |       |     2 |       ||     2
 Abil: End Transformatio |       |       |       |       |     2 |    24 ||    26
Evoke: Wand              |       |       |       |     5 |     1 |       ||     6
  Use: Scroll            |       |     3 |     7 |     8 |     7 |     7 ||    32
       Potion            |       |     2 |     2 |     4 |     4 |     1 ||    13
Armor: Robe              |    17 |    17 |       |       |       |       ||    34
       Skin              |       |     1 |     5 |     3 |   203 |   362 ||   574
       Leather armour    |       |       |    10 |    36 |    19 |    19 ||    84
Dodge: Dodged            |    42 |    48 |   100 |   272 |   420 |   447 ||  1329
Block: Other             |       |     3 |    37 |    77 |   153 |   152 ||   422
       Reflection        |       |       |     3 |     4 |    17 |     7 ||    31

Table legend: (Time is in decaauts)
 A = Elapsed time spent in this place.
 B = Non-inter-level travel time spent in this place.
 C = Inter-level travel time spent in this place.
 D = Time resting spent in this place.
 E = Time spent auto-exploring this place.
 F = Levels seen in this place.
 G = Mean time per level.
                   A        B        C        D        E       F      G
               +--------+--------+--------+--------+--------+-----+--------+
         Total |  13844 |  12932 |    912 |    385 |   1154 |  30 |  461.5 |
       Dungeon |   7666 |   7307 |    359 |     97 |    538 |  15 |  511.1 |
          Lair |   2981 |   2559 |    422 |      6 |    441 |   5 |  596.2 |
     Snake Pit |   1396 |   1322 |     74 |     16 |      0 |   3 |  465.3 |
    Slime Pits |      1 |      1 |      0 |      0 |      0 |   1 |    1.0 |
  Orcish Mines |    791 |    736 |     55 |      0 |    175 |   2 |  395.5 |
        Depths |     55 |     55 |      0 |      4 |      0 |   1 |   55.0 |
        Bailey |    241 |    241 |      0 |      0 |      0 |   1 |  241.0 |
       Volcano |    208 |    208 |      0 |     11 |      0 |   1 |  208.0 |
      Gauntlet |    500 |    500 |      0 |    251 |      0 |   1 |  500.0 |
               +--------+--------+--------+--------+--------+-----+--------+

Top non-repeatable levels by time:
  Lair:2: 943 daAuts
    D:12: 852 daAuts
    D:10: 751 daAuts
 Snake:2: 707 daAuts
    D:15: 685 daAuts
     D:5: 684 daAuts
  Lair:5: 579 daAuts
    D:13: 538 daAuts
  Lair:1: 537 daAuts
  Lair:3: 528 daAuts
     D:4: 528 daAuts
     D:7: 522 daAuts
   Orc:2: 512 daAuts
Gauntlet: 500 daAuts
     D:8: 494 daAuts
